 Dungeon Crawl Stone Soup version 0.17.1-3-g152610e (webtiles) character file.

612 Charly the Insei (level 7, -3/35 HPs)
             Began as a Vine Stalker Transmuter on Apr 26, 2016.
             Was an Initiate of Cheibriados.
             Slain by a sky beast (5 damage)
             ... on level 7 of the Dungeon.
             The game lasted 00:20:33 (1236 turns).

Charly the Insei (Vine Stalker Transmuter)          Turns: 1236, Time: 00:20:34

Health: -3/35      AC:  6    Str: 13    XL:     7   Next: 44%
Magic:  0/11       EV: 12    Int: 16    God:    Cheibriados [......]
Gold:   92         SH:  0    Dex: 16    Spells: 3 memorised, 4 levels left

rFire  + . .     SeeInvis .       - Unarmed
rCold  + . .     Clarity  .     j - +1 leather armour {rC+}
rNeg   . . .     SustAt   .     (no shield)
rPois  .         Gourm    .     (no helmet)
rElec  .         Spirit   +     g - +0 cloak
rCorr  .         Warding  .     p - +0 pair of gloves
rMut   .         Stasis   .     (no boots)
MR     .....                    (no amulet)
Stlth  +.........               (no ring)
                                h - ring of protection from fire

@: very slow, not resistant to hostile enchantments, very unstealthy
A: fangs 2, mutation resistance 1, sense surroundings 1, regeneration 2, magic
shield, antimagic bite, no device heal 3, rot immunity
a: Bend Time, Renounce Religion


You were on level 7 of the Dungeon.
You worshipped Cheibriados.
Cheibriados was noncommittal.
You were not hungry.

You visited 2 branches of the dungeon, and saw 8 of its levels.
You also visited: Bailey.

You collected 92 gold pieces.

Inventory:

Missiles
 k - 8 arrows of frost
Armour
 g - a +0 cloak (worn)
 j - a +1 leather armour of cold resistance (worn)
 p - a +0 pair of gloves (worn)
Jewellery
 h - a ring of protection from fire (left hand)
Scrolls
 a - a scroll of magic mapping {unknown}
 f - a scroll of remove curse
 q - a scroll of fear
Potions
 b - a potion of curing
 e - a potion of agility
 r - a potion of degeneration {unknown}
Books
 c - a book of Changes

   Spells                             Type                      Level
   a - Beastly Appendage              Transmutation                1
   b - Sticks to Snakes               Transmutation                2
   c - Spider Form                    Transmutation/Poison         3
   d - Ice Form                       Ice/Transmutation            4
   e - Blade Hands                    Transmutation                5
Comestibles
 d - 3 bread rations


   Skills:
 + Level 2.5 Fighting
 - Level 1.5 Dodging
 * Level 7.5 Unarmed Combat
 - Level 2.1 Spellcasting
 - Level 3.0 Transmutations


You had 4 spell levels left.
You knew the following spells:

 Your Spells              Type           Power        Failure   Level  Hunger
b - Beastly Appendage     Trmt           ##....       10%         1    #......
s - Sticks to Snakes      Trmt           ##........   12%         2    ###....
S - Spider Form           Trmt/Pois      #.........   41%         3    ###....


Dungeon Overview and Level Annotations

Branches:
Dungeon (7/15)             Temple (1/1) D:6

Altars:
Cheibriados
Gozag
Kikubaaqudgha
Makhleb
Nemelex Xobeh
Qazlal
Sif Muna
Vehumet
Yredelemnul
Zin
The Shining One

Annotations:
D:4 Charly's ghost, amateur VSTm; Menkaure


Innate Abilities, Weirdness & Mutations

You have extremely sharp teeth.
You heal very quickly.
When hurt, damage is shared between your health and your magic reserves.
Your bite disrupts and absorbs the magic of your enemies.
Potions and wands cannot restore your health.
You are immune to rotting.
You are somewhat resistant to further mutation.
You passively map a small area around you.


Message History

Your adder closely misses the sky beast.
Your ball python closely misses the sky beast.
Your adder bites the sky beast.
The sky beast closely misses your adder.
Unknown command.
You closely miss the sky beast.
The sky beast is almost dead.
Your adder barely misses the sky beast.
Your ball python misses the sky beast.
You closely miss the sky beast.
The sky beast is almost dead.
The sky beast completely misses you.
Your adder bites the sky beast.
The sky beast is poisoned.
Your adder poisons the sky beast!
Your ball python barely misses the sky beast.
Unknown command.
You closely miss the sky beast.
The sky beast is almost dead.
Your adder misses the sky beast. The sky beast hits you.
* * * LOW HITPOINT WARNING * * *
The sky beast shocks you.
You die...

#################
...............###
###.###.#....5.....#
....##....######.#.#
#...†....># #.#.#
.#.###....# #.#.#
###.....#.# ##@#.# *
.#.######.#####SY#.#,
#.# * * #......S##.#
, #... ..#####.# .. ,
, . ### *#.# #.., ,,
#.* #.# #.## , .# #.#
#>#, , * ###.##
#...., .....# *#... ,


You could see a sky beast, a friendly adder and a friendly ball python.

Vanquished Creatures
  A sky beast (D:5)
  2 giant frogs
  A scorpion (D:7)
  A crimson imp (D:6)
  A jelly (D:6)
  An orc wizard (D:5)
  A giant frog zombie (D:5)
  2 hounds
  4 worker ants
  3 adders
  A giant gecko (D:3)
  6 orcs
  5 bats
  A giant cockroach (D:1)
  2 goblins
  3 hobgoblins (D:1)
  8 giant newts
  A jackal skeleton (D:4)
  4 kobolds
  A rat (D:1)
49 creatures vanquished.

Vanquished Creatures (collateral kills)
  An adder (D:4)
  A giant gecko (D:2)
  A kobold (D:3)
3 creatures vanquished.

Grand Total: 52 creatures vanquished

Notes
Turn   | Place    | Note
--------------------------------------------------------------
     0 | D:1      | Charly the Vine Stalker Transmuter began the quest for the Orb.
     0 | D:1      | Reached XP level 1. HP: 9/9 MP: 4/4
    92 | D:1      | Reached XP level 2. HP: 14/14 MP: 6/6
   114 | D:1      | Learned a level 2 spell: Sticks to Snakes
   276 | D:2      | Reached XP level 3. HP: 12/17 MP: 4/7
   281 | D:2      | Learned a level 3 spell: Spider Form
   444 | D:3      | Reached skill level 4 in Unarmed Combat
   477 | D:5      | Entered Level 5 of the Dungeon
   505 | D:4      | Noticed Charly's ghost (amateur VSTm)
   524 | D:5      | Reached XP level 4. HP: 4/21 MP: 2/8
   537 | D:5      | Noticed a sky beast
   542 | D:5      | Found a deep blue altar of Sif Muna.
   635 | D:4      | Found a stormy altar of Qazlal.
   636 | D:4      | Noticed Menkaure
   747 | D:5      | Reached skill level 5 in Unarmed Combat
   747 | D:5      | Reached XP level 5. HP: 17/25 MP: 3/9
   789 | D:6      | Noticed a giant frog
   794 | D:6      | Killed a giant frog
   794 | D:6      | Reached skill level 6 in Unarmed Combat
   794 | D:6      | Gained mutation: You heal very quickly. [Vine Stalker growth]
   794 | D:6      | Reached XP level 6. HP: 25/29 MP: 6/10
   803 | D:6      | Found a deep blue altar of Sif Muna.
   830 | D:6      | Noticed an ice beast
   859 | D:5      | Found a burning altar of Makhleb.
   909 | D:5      | Killed a sky beast
   909 | D:5      | Reached skill level 1 in Fighting
   918 | D:5      | Gained mutation: You passively map a small area around you. [mutagenic meat]
   919 | D:5      | Gained mutation: You are somewhat resistant to further mutation. [mutagenic meat]
   967 | D:6      | Found a staircase to the Ecumenical Temple.
   976 | D:6      | Reached skill level 7 in Unarmed Combat
   976 | D:6      | Reached XP level 7. HP: 27/34 MP: 6/11
   986 | Temple   | Entered the Ecumenical Temple
  1006 | Temple   | Became a worshipper of Cheibriados the Contemplative
  1155 | D:7      | Found a flagged portal.
  1179 | Bailey   | Entered a bailey
  1236 | D:7      | Slain by a sky beast

Action                   |  1- 3 |  4- 6 |  7- 9 || total
-------------------------+-------+-------+-------++-------
Melee: Unarmed           |   102 |    53 |    36 ||   191
 Cast: Beastly Appendage |     2 |     1 |     1 ||     4
       Sticks to Snakes  |     4 |     5 |     6 ||    15
       Spider Form       |     4 |     4 |     1 ||     9
  Use: Scroll            |     4 |     4 |     2 ||    10
       Potion            |       |       |     1 ||     1
 Stab: Sleeping          |       |       |     1 ||     1
  Eat: Chunk             |       |     3 |       ||     3
       Meat ration       |       |       |     1 ||     1
